 Dungeon Crawl Stone Soup version 0.17-a0-1403-g9df874c (webtiles) character file.

88 k1ll3r5od4 the Chopper (level 4, -3/39 HPs)
             Began as a Minotaur Fighter on June 21, 2015.
             Was an Initiate of Okawaru.
             Killed from afar by an orc wizard (6 damage)
             ... with a puff of flame
             ... on level 3 of the Dungeon.
             The game lasted 00:13:16 (1767 turns).

k1ll3r5od4 the Chopper (Minotaur Fighter)           Turns: 1767, Time: 00:13:16

Health: -3/39      AC:  8    Str: 21    XL:     4   Next: 29%
Magic:  3/3        EV:  7    Int:  5    God:    Okawaru [......]
Gold:   114        SH:  9    Dex: 10    Spells: 0 memorised, 3 levels left

rFire  . . .     SeeInvis +     a - +0 war axe
rCold  . . .     Clarity  .     b - +0 scale mail
rNeg   . . .     SustAt   .     c - +0 shield
rPois  .         Gourm    .     (helmet restricted)
rElec  .         Spirit   .     o - +0 cloak (curse)
rCorr  .         Warding  .     (no gloves)
rMut   .         Stasis   .     (no boots)
MR     .....                    (no amulet)
Stlth  ..........               (no ring)
                                s - ring of see invisible

@: not resistant to hostile enchantments, extremely unstealthy
A: retaliatory headbutt, horns 2
a: Renounce Religion


You were on level 3 of the Dungeon.
You worshipped Okawaru.
Okawaru was noncommittal.
You were not hungry.

You visited 1 branch of the dungeon, and saw 3 of its levels.

You collected 114 gold pieces.

Inventory:

Hand weapons
 a - a +0 war axe (weapon)
Missiles
 k - 45 stones (quivered)
 m - 39 bolts
Armour
 b - a +0 scale mail (worn)
 c - a +0 shield (worn)
 o - a cursed +0 cloak (worn)
Jewellery
 s - a ring of see invisible (left hand)
Magical devices
 y - a wand of magic darts (0)
Scrolls
 g - a scroll of noise {unknown}
 h - a scroll of immolation {unknown}
 j - 4 scrolls of identify {unknown}
 l - 2 scrolls of enchant armour {unknown}
 q - a scroll of fear {unknown}
 r - a scroll of teleportation {unknown}
 u - a scroll of fog {unknown}
Potions
 d - a potion of might
 f - 2 potions of flight {unknown}
 i - 2 potions of degeneration {unknown}
 p - a potion of magic {unknown}
 x - a potion of ambrosia {unknown}
 z - a potion of haste {unknown}
 A - a potion of curing {unknown}
Comestibles
 e - 4 bread rations
 n - a slice of pizza
 t - a beef jerky
 v - a royal jelly
 w - a meat ration


   Skills:
 - Level 3.6 Fighting
 + Level 5.4 Axes
 - Level 3.7 Armour
 - Level 3.6 Shields


You had 3 spell levels left.
You didn't know any spells.

Dungeon Overview and Level Annotations

Branches:
Dungeon (3/15)

Altars:
Okawaru
Trog
Vehumet


Innate Abilities, Weirdness & Mutations

You reflexively headbutt those who attack you in melee.
You have a pair of horns on your head.


Message History

Press: ? - help, Shift-Dir - straight line, f/p - orc wizard
Aim: an orc wizard, wielding a dagger and wearing a robe (severely wounded, fast, slightly transparent) Nothing appears to happen.
The orc wizard hits you with a dagger.
* * * LOW HITPOINT WARNING * * *
You are too injured to fight recklessly!
You closely miss the orc wizard. Your headbutt misses the orc wizard.
The orc wizard is severely wounded.
The orc wizard barely misses you.
The orc wizard hits you but does no damage.
You barely miss the orc wizard.
The orc wizard is severely wounded.
The orc wizard closely misses you. The orc wizard casts a spell at you.
The puff of flame misses you.
You hit the orc wizard but do no damage.
The orc wizard is severely wounded.
The orc wizard gestures at you while chanting.
The puff of flame hits you!
You die...

#.# #.# #.# #.#
#.# #########.#
.........##...##
#######.##..?..##
#@#.......#
#o#..._...#
#w#.......#
#.##.....#
#..##.)o#
##..##.# ##....#
######


You could see a worm and an orc wizard (invisible).

Vanquished Creatures
  4 adders
  An adder zombie (D:3)
  A worm (D:2)
  A giant gecko (D:3)
  2 orcs (D:3)
  2 ball pythons
  7 bats
  4 giant cockroaches
  6 goblins
  6 hobgoblins
  2 giant newts
  6 kobolds
  3 rats
45 creatures vanquished.

Notes
Turn   | Place    | Note
--------------------------------------------------------------
     0 | D:1      | k1ll3r5od4 the Minotaur Fighter began the quest for the Orb.
     0 | D:1      | Reached XP level 1. HP: 19/19 MP: 0/0
   333 | D:1      | Reached XP level 2. HP: 26/26 MP: 1/1
   606 | D:2      | Reached skill level 4 in Axes
   642 | D:2      | Reached XP level 3. HP: 31/31 MP: 2/2
  1305 | D:3      | Reached skill level 5 in Axes
  1319 | D:3      | Reached XP level 4. HP: 39/39 MP: 3/3
  1431 | D:3      | Found an iron altar of Okawaru.
  1451 | D:3      | Became a worshipper of Warmaster Okawaru
  1636 | D:3      | Found a radiant altar of Vehumet.
  1746 | D:3      | Found a bloodstained altar of Trog.
  1767 | D:3      | Killed from afar by an orc wizard

Vault maps used:
D:1:      scummos_arrival_star, lemuel_another_geyser
D:2:      minmay_misc_feat_more_columns
D:3:      lemuel_round_altar, okawaru_ov_weapons_minmay, first_bread,
          vehumet_altar_wand_db

Action                   |  1- 3 |  4- 6 || total
-------------------------+-------+-------++-------
Melee: War axe           |    77 |    24 ||   101
Throw: Stone             |     1 |       ||     1
Evoke: Wand              |       |     1 ||     1
  Eat: Chunk             |       |     3 ||     3
